 Dungeon Crawl Stone Soup version 0.22-a0-877-g5c4e1af (webtiles) character file.

97 KristoblXynda the Cudgeler (level 4, -4/48 HPs)
             Began as an Ogre Gladiator on July 29, 2018.
             Slain by Crazy Yiuf
             ... wielding a +4 quarterstaff of chaos
              (6 damage)
             ... on level 2 of the Dungeon.
             The game lasted 00:04:12 (1930 turns).

KristoblXynda the Cudgeler (Ogre Gladiator)         Turns: 1930, Time: 00:04:13

Health: -4/48      AC:  4    Str: 17 (18) XL:     4   Next: 68%
Magic:  13/13      EV: 10    Int:  8 (10) God:
Gold:   100        SH:  0    Dex:  8 (10) Spells: 3/3 levels left

rFire    . . .     SeeInvis +   h - +0 whip
rCold    . . .     Gourm    .   (no shield)
rNeg     . . .     Faith    .   b - +0 robe
rPois    .         Spirit   .   c - +1 hat
rElec    .         Reflect  .   (no cloak)
rCorr    .         Harm     .   (gloves unavailable)
MR       .....                  (boots unavailable)
Stlth    +.........             (no amulet)
HPRegen  0.16/turn              g - ring of see invisible
MPRegen  0.13/turn              a - ring of magical power

@: lethally poisoned (-4 -> -23)
A: large, unfitting armour, tough skin 1
a: no special abilities


You were on level 2 of the Dungeon.
You were not hungry.

You visited 1 branch of the dungeon, and saw 2 of its levels.

You collected 100 gold pieces.

Inventory:

Hand Weapons
 h - a +0 whip (weapon)
Missiles
 d - a throwing net (quivered)
Armour
 b - a +0 robe (worn)
 c - a +1 hat (worn)
Jewellery
 a - a ring of magical power (right hand)
 g - a ring of see invisible (left hand)
Scrolls
 i - a scroll of fog
 j - 2 scrolls of teleportation
Potions
 k - a potion of curing {unknown}
 l - a potion of mutation {unknown}
 o - 2 potions of cancellation
 p - a potion of brilliance {unknown}
 q - a potion of agility {unknown}
 r - 3 potions of lignification
 t - a potion of ambrosia {unknown}
Comestibles
 f - 4 rations


   Skills:
 + Level 3.8 Fighting
 * Level 3.9 Maces & Flails
 - Level 2.0 Throwing
 + Level 3.3 Dodging


You had 3 spell levels left.
You didn't know any spells.
Your spell library was empty.

Dungeon Overview and Level Annotations

Branches:
Dungeon (2/15)

Altars:
Cheibriados
Nemelex Xobeh
Ru
Uskayaw

Annotations:
D:2 Crazy Yiuf


Innate Abilities, Weirdness & Mutations

You are too large for most types of armour.
You have tough skin. (AC +1)


Message History

You closely miss Crazy Yiuf.
Crazy Yiuf is severely wounded.
Crazy Yiuf says, "Cake horse broken!"
Crazy Yiuf barely misses you.
Throwing (i - inventory)
d - 2 throwing nets (quivered)
Press: ? - help, Shift-Dir - straight line, f/p - Crazy Yiuf
Aim: Crazy Yiuf, wielding a quarterstaff of chaos and wearing a glowing cloak (severely wounded)
You throw a throwing net.
The throwing net closely misses Crazy Yiuf.
You feel sick.
Crazy Yiuf hits you with a quarterstaff of chaos!
* * * LOW HITPOINT WARNING * * *
You are more poisoned.
You hit Crazy Yiuf but do no damage.
Crazy Yiuf is severely wounded.
* * * LOW HITPOINT WARNING * * *
You feel sick.
Crazy Yiuf screams, "Two!
Announcement stair arga."
Crazy Yiuf hits you with a quarterstaff of chaos.
You die...

.#.........#
#####....#....
##.........#
#....####.
#.........#
#....#....
#.....#####
#....#....
#.....#
#....#....
#.....##♣♣♣♣♣
#....#....
####.#...)♣)♣♣♣
#### ######....
#......)♣))♣#)))#
#....
#....PP♣♣♣♣)@g)(#
#.... ##....♣♣
♣♣#)))# #>...
####♣♣ #### #....
#####


You could see Crazy Yiuf.

Vanquished Creatures
  Terence (D:2)
  2 adders
  2 oozes
  2 dart slugs (D:1)
  A leopard gecko (D:2)
  6 goblins
  5 hobgoblins (D:1)
  A quokka (D:2)
  9 bats
  A frilled lizard (D:2)
  3 kobolds (D:1)
  9 rats
42 creatures vanquished.

Notes
Turn   | Place    | Note
-------+----------+-------------------------------------------
     0 | D:1      | KristoblXynda the Ogre Gladiator began the quest for the Orb.
     0 | D:1      | Reached XP level 1. HP: 22/22 MP: 1/1
    97 | D:1      | Reached XP level 2. HP: 29/29 MP: 2/2
   437 | D:1      | Reached XP level 3. HP: 30/37 MP: 3/3
   736 | D:2      | Noticed Terence
   987 | D:2      | Found a sparkling altar of Nemelex Xobeh.
  1018 | D:2      | Killed Terence
  1018 | D:2      | Reached XP level 4. HP: 29/48 MP: 4/4
  1146 | D:2      | Found a sacrificial altar of Ru.
  1159 | D:2      | Found a hide-covered altar of Uskayaw.
  1168 | D:2      | Found a snail-covered altar of Cheibriados.
  1909 | D:2      | Found a runed door.
  1916 | D:2      | Noticed Crazy Yiuf
  1930 | D:2      | HP: 2/48 [poisoned by Crazy Yiuf]
  1930 | D:2      | Slain by Crazy Yiuf

Vault maps used:
D:1:      minmay_arrival_hallway, minmay_pentomino_x4
D:2:      grunt_temple_overflow_cloverleaf, uniq_terence,
          uniq_crazy_yiuf_cottage

Skill      XL: |  1  2 |
---------------+-------+-----
Fighting       | 3 |  3.8
Maces & Flails | 3 |  3.9
Dodging        | 3 |  3.3
Throwing       | |  2.0

Action                   |  1- 3 |  4- 6 || total
-------------------------+-------+-------++-------
Melee: Flail             |   125 |     3 ||   128
       Whip              |       |    41 ||    41
Throw: Throwing net      |     1 |     2 ||     3
  Use: Potion            |     2 |       ||     2
       Scroll            |       |     8 ||     8
 Stab: Held in net/web   |       |     1 ||     1
  Eat: Chunk             |       |     3 ||     3
Armor: Robe              |    81 |     7 ||    88
Dodge: Dodged            |   103 |    14 ||   117

Table legend:
 A = Spawn XP
 B = Non-spawn XP
 C = Spawn XP percentage of total XP
 D = Spawn monster count
 E = Non-spawn monster count
 F = Spawn count percentage of total count
 G = Total turns spent on level
                    A         B        C        D         E        F      G
               +---------+---------+-------+---------+---------+-------+---------
         Total |       0 |     139 |   0.0 |       0 |      42 |   0.0 |  1930
               +---------+---------+-------+---------+---------+-------+---------
           D:1 |       0 |      69 |   0.0 |       0 |      30 |   0.0 |   922
           D:2 |       0 |      70 |   0.0 |       0 |      12 |   0.0 |  1008
               +---------+---------+-------+---------+---------+-------+---------
